[ PARTIDA AOE2 · #470674279 ]
UnrankedYurchen vs Khmer
Equipo del jugador · DERR
[ ANÁLISIS DE REPETICIÓN · EXTRAÍDO DE LA PARTIDA GRABADA ]
Feudal
10:32
Castillos
14:52
Imperial
28:32
| APM promedio | 35.3 |
| APM pico | 70 |
| eAPM promedio | 18.2 |
| Aldeanos / militares | 139 / 30 |
Foco
⚔️ 30.2% · 🌾 69.8%
Unknown (1911) ×223 · Battering Ram ×20 · Trebuchet (Packed) ×6 · Monk ×3 · Skirmisher ×1
Feudal
12:25
Castillos
19:20
Imperial
36:14
| APM promedio | 37.0 |
| APM pico | 111 |
| eAPM promedio | 22.8 |
| Aldeanos / militares | 97 / 158 |
Foco
⚔️ 53.5% · 🌾 46.5%
Spearman ×108 · Ballista Elephant ×50 · Fishing Ship ×5
Feudal
10:40
Castillos
15:21
Imperial
—
| APM promedio | 39.8 |
| APM pico | 78 |
| eAPM promedio | 21.3 |
| Aldeanos / militares | 130 / 92 |
Foco
⚔️ 36.4% · 🌾 63.6%
Mangudai ×59 · Galley ×32 · Fishing Ship ×12 · Demolition Raft ×1
Feudal
13:09
Castillos
16:45
Imperial
30:52
| APM promedio | 46.6 |
| APM pico | 83 |
| eAPM promedio | 26.1 |
| Aldeanos / militares | 173 / 142 |
Foco
⚔️ 30.1% · 🌾 69.9%
Kamayuk ×78 · Spearman ×42 · Fishing Ship ×32 · Trade Cart ×29 · Mangonel ×16 · Battering Ram ×2
Feudal
13:36
Castillos
17:06
Imperial
28:42
| APM promedio | 42.9 |
| APM pico | 95 |
| eAPM promedio | 21.2 |
| Aldeanos / militares | 123 / 268 |
Foco
⚔️ 27.8% · 🌾 72.2%
Spearman ×205 · Scorpion ×51 · Fishing Ship ×18 · Trebuchet (Packed) ×5 · Bombard Cannon ×5 · Monk ×2
Feudal
11:33
Castillos
16:12
Imperial
29:15
| APM promedio | 36.5 |
| APM pico | 62 |
| eAPM promedio | 25.1 |
| Aldeanos / militares | 89 / 98 |
Foco
⚔️ 28.5% · 🌾 71.5%
Cataphract ×96 · Fishing Ship ×49 · Trade Cart ×20 · Mangonel ×2
Feudal
9:06
Castillos
17:06
Imperial
26:57
| APM promedio | 27.8 |
| APM pico | 56 |
| eAPM promedio | 16.2 |
| Aldeanos / militares | 75 / 136 |
Foco
⚔️ 25.9% · 🌾 74.1%
Battle Elephant ×120 · Fishing Ship ×56 · Bombard Cannon ×11 · Trade Cart ×8 · Demolition Raft ×3 · Monk ×2
Feudal
11:28
Castillos
15:55
Imperial
24:15
| APM promedio | 36.3 |
| APM pico | 80 |
| eAPM promedio | 21.9 |
| Aldeanos / militares | 120 / 102 |
Foco
⚔️ 38.0% · 🌾 62.0%
Chu Ko Nu ×47 · Fire Lancer ×46 · Fishing Ship ×14 · Trebuchet (Packed) ×8 · Unknown (1948) ×5 · Trade Cart ×2
Mapa de la partida
Recursos iniciales + cada clic de construcción. Líneas = muros · curvas = relieve. ◆ oro · ⬟ piedra · ● bayas · ✦ reliquia · ◌ hueco del cierre
Tu base· Abierta — el rival se encerró
Base de RetiredTurtle· ✓ Cerrada en 19:20 · 48t muro · sin puerta
Base de Granny Pumpkinz· Abierta — el rival se encerró
Base de Rest in Pieces· ✓ Cerrada en 16:45 · 13t muro · sin puerta
Base de Mirror· ✓ Cerrada en 17:06 · 43t muro · 1 puerta(s)
Base de wylyu· Abierta — el rival se encerró
Base de I EAT FAT HIPPOS· Abierta — el rival se encerró
Base de Instinct· ✓ Cerrada en 15:55 · 18t muro · 1 puerta(s)
Terreno inicial suavizado · ◌ = hueco del cierre detectado · pasá el cursor para detalles
Inputs por minuto
— ^wuff - - RetiredTurtle
Build order — ^wuff
Primeras 150 de 399 acciones detectadas
| 0:01 | Crear | Villager (Male) |
| 0:02 | Crear | Villager (Male) |
| 0:02 | Crear | Villager (Male) |
| 0:03 | Construir | House |
| 0:04 | Construir | House |
| 0:28 | Crear | Villager (Male) |
| 0:28 | Crear | Villager (Male) |
| 1:38 | Crear | Villager (Male) |
| 1:39 | Crear | Villager (Male) |
| 2:03 | Crear | Villager (Male) |
| 2:04 | Crear | Villager (Male) |
| 2:04 | Crear | Villager (Male) |
| 2:24 | Construir | House |
| 2:26 | Construir | Lumber Camp |
| 2:28 | Construir | House |
| 2:45 | Crear | Villager (Male) |
| 3:16 | Crear | Villager (Male) |
| 3:37 | Crear | Villager (Male) |
| 3:37 | Crear | Villager (Male) |
| 4:10 | Crear | Villager (Male) |
| 4:11 | Crear | Villager (Male) |
| 4:11 | Crear | Villager (Male) |
| 4:53 | Crear | Villager (Male) |
| 4:53 | Crear | Villager (Male) |
| 5:01 | Crear | Villager (Male) |
| 5:01 | Crear | Villager (Male) |
| 5:29 | Crear | Villager (Male) |
| 5:45 | Crear | Villager (Male) |
| 5:46 | Crear | Villager (Male) |
| 6:25 | Construir | Palisade Wall |
| 6:56 | Crear | Villager (Male) |
| 6:57 | Crear | Villager (Male) |
| 6:57 | Crear | Villager (Male) |
| 7:01 | Construir | Mining Camp |
| 7:11 | Crear | Villager (Male) |
| 7:12 | Crear | Villager (Male) |
| 7:18 | Construir | House |
| 7:39 | Crear | Villager (Male) |
| 7:40 | Crear | Villager (Male) |
| 7:47 | Investigar | Loom |
| 7:47 | Crear | Villager (Male) |
| 8:06 | Investigar | Feudal Age |
| 9:08 | Crear | Villager (Male) |
| 9:10 | Crear | Villager (Male) |
| 10:32 | Edad | Edad Feudal |
| 10:36 | Construir | Mill |
| 10:37 | Crear | Villager (Male) |
| 10:42 | Construir | Blacksmith |
| 10:50 | Crear | Villager (Male) |
| 11:19 | Construir | Market |
| 12:09 | Investigar | Castle Age |
| 12:36 | Investigar | Double-Bit Axe |
| 12:44 | Construir | House |
| 12:45 | Construir | House |
| 13:24 | Investigar | Horse Collar |
| 14:52 | Edad | Edad de los Castillos |
| 14:54 | Construir | Town Center |
| 14:57 | Construir | Town Center |
| 14:59 | Crear | Villager (Male) |
| 15:02 | Investigar | Bow Saw |
| 15:19 | Investigar | Heavy Plow |
| 15:29 | Crear | Villager (Male) |
| 15:40 | Crear | Villager (Male) |
| 15:58 | Crear | Villager (Male) |
| 16:09 | Construir | Farm |
| 16:10 | Construir | Farm |
| 16:11 | Construir | Farm |
| 16:12 | Crear | Villager (Male) |
| 16:12 | Crear | Villager (Male) |
| 16:24 | Crear | Villager (Male) |
| 16:27 | Construir | Farm |
| 16:31 | Crear | Villager (Male) |
| 16:39 | Crear | Villager (Male) |
| 16:42 | Crear | Villager (Male) |
| 16:52 | Construir | Farm |
| 16:54 | Construir | Farm |
| 16:58 | Construir | Farm |
| 16:59 | Crear | Villager (Male) |
| 17:04 | Crear | Villager (Male) |
| 17:22 | Crear | Villager (Male) |
| 17:25 | Construir | Farm |
| 17:26 | Construir | Farm |
| 17:28 | Construir | Farm |
| 17:29 | Construir | Farm |
| 17:30 | Construir | Farm |
| 17:32 | Crear | Villager (Male) |
| 17:37 | Crear | Villager (Male) |
| 17:45 | Construir | Farm |
| 17:46 | Crear | Villager (Male) |
| 17:56 | Crear | Villager (Male) |
| 17:56 | Crear | Villager (Male) |
| 17:57 | Crear | Villager (Male) |
| 18:10 | Crear | Villager (Male) |
| 18:10 | Crear | Villager (Male) |
| 18:15 | Construir | Monastery |
| 18:19 | Construir | Farm |
| 18:22 | Crear | Villager (Male) |
| 18:22 | Crear | Villager (Male) |
| 18:29 | Construir | Farm |
| 18:30 | Crear | Villager (Male) |
| 18:32 | Crear | Villager (Male) |
| 18:33 | Crear | Villager (Male) |
| 18:49 | Construir | Farm |
| 18:53 | Construir | Farm |
| 18:54 | Construir | Farm |
| 18:55 | Crear | Villager (Male) |
| 18:55 | Crear | Villager (Male) |
| 18:55 | Crear | Villager (Male) |
| 18:57 | Construir | Farm |
| 19:01 | Crear | Monk |
| 19:01 | Crear | Monk |
| 19:06 | Construir | House |
| 19:06 | Construir | House |
| 19:21 | Investigar | Wheelbarrow |
| 19:24 | Crear | Villager (Male) |
| 19:33 | Construir | House |
| 19:34 | Construir | House |
| 19:35 | Construir | House |
| 19:36 | Construir | House |
| 19:37 | Construir | House |
| 19:38 | Construir | House |
| 19:39 | Construir | House |
| 19:39 | Construir | House |
| 19:41 | Crear | Villager (Male) |
| 19:42 | Construir | Farm |
| 19:45 | Construir | Farm |
| 19:46 | Crear | Villager (Male) |
| 19:47 | Crear | Villager (Male) |
| 20:04 | Construir | Farm |
| 20:05 | Crear | Villager (Male) |
| 20:07 | Construir | Farm |
| 20:08 | Crear | Villager (Male) |
| 20:14 | Construir | Mining Camp |
| 20:15 | Crear | Villager (Male) |
| 20:17 | Crear | Villager (Male) |
| 20:19 | Crear | Villager (Male) |
| 20:26 | Crear | Villager (Male) |
| 20:27 | Crear | Villager (Male) |
| 20:44 | Crear | Villager (Male) |
| 20:44 | Crear | Villager (Male) |
| 20:56 | Construir | Farm |
| 20:56 | Construir | Farm |
| 20:57 | Construir | Farm |
| 20:58 | Construir | Farm |
| 20:58 | Construir | Farm |
| 21:03 | Construir | Farm |
| 21:03 | Construir | Farm |
| 21:04 | Construir | Farm |
| 21:05 | Construir | Farm |
| 21:08 | Crear | Villager (Male) |
Build order — RetiredTurtle
Primeras 150 de 378 acciones detectadas
| 0:02 | Crear | Villager (Male) |
| 0:03 | Crear | Villager (Male) |
| 0:03 | Crear | Villager (Male) |
| 0:03 | Crear | Villager (Male) |
| 0:05 | Construir | House |
| 0:06 | Construir | House |
| 0:26 | Construir | Palisade Wall |
| 0:39 | Investigar | Loom |
| 1:13 | Crear | Villager (Male) |
| 1:13 | Crear | Villager (Male) |
| 2:08 | Crear | Villager (Male) |
| 2:28 | Construir | Lumber Camp |
| 2:32 | Construir | Palisade Wall |
| 2:36 | Crear | Villager (Male) |
| 2:36 | Crear | Villager (Male) |
| 2:56 | Crear | Villager (Male) |
| 2:56 | Crear | Villager (Male) |
| 3:18 | Crear | Villager (Male) |
| 3:33 | Construir | Palisade Wall |
| 3:42 | Crear | Villager (Male) |
| 4:16 | Construir | Palisade Wall |
| 4:19 | Crear | Villager (Male) |
| 4:32 | Construir | House |
| 4:50 | Crear | Villager (Male) |
| 5:07 | Crear | Villager (Male) |
| 5:14 | Construir | Outpost |
| 5:24 | Crear | Villager (Male) |
| 5:48 | Construir | Palisade Wall |
| 5:51 | Construir | Palisade Wall |
| 5:54 | Construir | Palisade Wall |
| 6:04 | Crear | Villager (Male) |
| 6:24 | Crear | Villager (Male) |
| 6:39 | Construir | House |
| 6:44 | Crear | Villager (Male) |
| 6:45 | Crear | Villager (Male) |
| 7:05 | Construir | Mill |
| 7:09 | Crear | Villager (Male) |
| 7:51 | Crear | Villager (Male) |
| 8:00 | Crear | Villager (Male) |
| 8:21 | Construir | House |
| 8:22 | Construir | Mining Camp |
| 8:59 | Crear | Villager (Male) |
| 9:14 | Crear | Villager (Male) |
| 9:47 | Crear | Villager (Male) |
| 9:53 | Construir | Mining Camp |
| 10:09 | Investigar | Feudal Age |
| 11:01 | Construir | House |
| 11:26 | Construir | Dock |
| 11:32 | Crear | Villager (Male) |
| 11:48 | Construir | Farm |
| 11:49 | Construir | Farm |
| 11:50 | Construir | Farm |
| 11:54 | Crear | Villager (Male) |
| 12:03 | Construir | House |
| 12:04 | Construir | House |
| 12:18 | Crear | Fishing Ship |
| 12:19 | Crear | Fishing Ship |
| 12:25 | Edad | Edad Feudal |
| 12:29 | Construir | Market |
| 12:34 | Investigar | Horse Collar |
| 12:49 | Construir | Blacksmith |
| 12:57 | Crear | Villager (Male) |
| 13:03 | Construir | Farm |
| 13:16 | Construir | Stone Wall |
| 13:25 | Construir | Farm |
| 13:27 | Crear | Villager (Male) |
| 13:40 | Construir | Farm |
| 13:56 | Crear | Villager (Male) |
| 14:00 | Construir | Farm |
| 14:11 | Construir | Farm |
| 14:14 | Crear | Villager (Male) |
| 14:32 | Construir | Farm |
| 14:35 | Construir | Farm |
| 14:53 | Crear | Villager (Male) |
| 15:19 | Crear | Villager (Male) |
| 15:34 | Crear | Fishing Ship |
| 15:41 | Construir | Stone Wall |
| 15:45 | Crear | Villager (Male) |
| 16:17 | Crear | Fishing Ship |
| 16:21 | Construir | Farm |
| 16:40 | Investigar | Castle Age |
| 17:23 | Construir | Outpost |
| 17:37 | Investigar | Tech 906 |
| 17:38 | Crear | Fishing Ship |
| 17:41 | Investigar | Double-Bit Axe |
| 17:44 | Investigar | Gold Mining |
| 17:55 | Investigar | Stone Mining |
| 19:10 | Crear | Villager (Male) |
| 19:10 | Crear | Villager (Male) |
| 19:14 | Construir | House |
| 19:16 | Construir | House |
| 19:16 | Construir | House |
| 19:19 | Construir | House |
| 19:20 | Edad | Edad de los Castillos |
| 19:27 | Construir | Castle |
| 19:36 | Construir | Town Center |
| 19:38 | Crear | Villager (Male) |
| 19:45 | Investigar | Heavy Plow |
| 19:52 | Construir | Farm |
| 20:11 | Crear | Villager (Male) |
| 20:25 | Investigar | Town Watch |
| 20:39 | Crear | Villager (Male) |
| 21:09 | Investigar | Gold Shaft Mining |
| 21:11 | Investigar | Bow Saw |
| 21:13 | Crear | Villager (Male) |
| 21:21 | Crear | Ballista Elephant |
| 21:21 | Crear | Ballista Elephant |
| 21:31 | Construir | House |
| 21:32 | Construir | House |
| 21:53 | Crear | Ballista Elephant |
| 22:16 | Crear | Villager (Male) |
| 22:18 | Crear | Villager (Male) |
| 22:19 | Crear | Villager (Male) |
| 22:24 | Construir | Lumber Camp |
| 22:27 | Construir | Lumber Camp |
| 23:24 | Construir | Barracks |
| 23:25 | Construir | Barracks |
| 23:28 | Investigar | Scale Mail Armor |
| 23:30 | Crear | Villager (Male) |
| 23:31 | Crear | Ballista Elephant |
| 23:31 | Crear | Ballista Elephant |
| 23:31 | Crear | Ballista Elephant |
| 24:08 | Investigar | Pikeman (upgrade) |
| 24:09 | Investigar | Arson |
| 24:13 | Construir | Farm |
| 24:15 | Construir | Farm |
| 24:16 | Crear | Villager (Male) |
| 24:17 | Crear | Villager (Male) |
| 24:27 | Crear | Spearman |
| 24:38 | Construir | Barracks |
| 24:41 | Investigar | Forging |
| 24:53 | Crear | Spearman |
| 24:54 | Crear | Spearman |
| 25:20 | Construir | Farm |
| 25:21 | Crear | Villager (Male) |
| 25:22 | Crear | Villager (Male) |
| 25:24 | Construir | Farm |
| 25:26 | Crear | Spearman |
| 25:27 | Crear | Spearman |
| 25:37 | Crear | Spearman |
| 25:37 | Crear | Spearman |
| 25:53 | Construir | Farm |
| 25:55 | Construir | Farm |
| 25:57 | Crear | Villager (Male) |
| 25:58 | Crear | Villager (Male) |
| 26:08 | Crear | Spearman |
| 26:08 | Crear | Spearman |
| 26:08 | Crear | Spearman |
| 26:50 | Construir | Farm |
| 26:53 | Construir | Farm |
Build order — Granny Pumpkinz
Primeras 150 de 322 acciones detectadas
| 0:01 | Crear | Villager (Male) |
| 0:02 | Construir | House |
| 0:04 | Construir | House |
| 0:17 | Crear | Villager (Male) |
| 0:17 | Crear | Villager (Male) |
| 0:18 | Crear | Villager (Male) |
| 0:24 | Investigar | Loom |
| 0:24 | Crear | Villager (Male) |
| 0:24 | Crear | Villager (Male) |
| 0:25 | Crear | Villager (Male) |
| 0:25 | Crear | Villager (Male) |
| 0:44 | Construir | Palisade Wall |
| 1:31 | Construir | Lumber Camp |
| 1:52 | Crear | Villager (Male) |
| 1:52 | Crear | Villager (Male) |
| 2:15 | Construir | Palisade Wall |
| 2:31 | Crear | Villager (Male) |
| 3:04 | Crear | Villager (Male) |
| 3:04 | Crear | Villager (Male) |
| 3:20 | Construir | Palisade Wall |
| 3:29 | Crear | Villager (Male) |
| 3:48 | Crear | Villager (Male) |
| 3:49 | Crear | Villager (Male) |
| 4:29 | Crear | Villager (Male) |
| 4:32 | Construir | House |
| 5:10 | Crear | Villager (Male) |
| 5:10 | Crear | Villager (Male) |
| 5:11 | Crear | Villager (Male) |
| 5:11 | Crear | Villager (Male) |
| 5:47 | Construir | Dock |
| 5:49 | Crear | Villager (Male) |
| 5:49 | Crear | Villager (Male) |
| 5:55 | Crear | Villager (Male) |
| 5:56 | Crear | Villager (Male) |
| 6:07 | Construir | House |
| 7:00 | Crear | Fishing Ship |
| 7:00 | Crear | Fishing Ship |
| 7:02 | Crear | Villager (Male) |
| 7:06 | Crear | Villager (Male) |
| 7:20 | Crear | Fishing Ship |
| 7:58 | Crear | Fishing Ship |
| 8:25 | Crear | Villager (Male) |
| 8:29 | Investigar | Feudal Age |
| 8:35 | Crear | Villager (Male) |
| 8:51 | Construir | House |
| 8:56 | Crear | Fishing Ship |
| 9:13 | Construir | Mill |
| 9:41 | Crear | Villager (Male) |
| 10:09 | Construir | Mining Camp |
| 10:40 | Edad | Edad Feudal |
| 10:48 | Construir | Stone Wall |
| 11:10 | Construir | Market |
| 11:51 | Crear | Villager (Male) |
| 11:51 | Crear | Villager (Male) |
| 11:55 | Construir | Blacksmith |
| 12:06 | Construir | Outpost |
| 12:32 | Investigar | Castle Age |
| 12:32 | Investigar | Castle Age |
| 12:35 | Investigar | Double-Bit Axe |
| 12:35 | Investigar | Double-Bit Axe |
| 12:46 | Construir | House |
| 13:12 | Construir | Stone Wall |
| 13:13 | Construir | Stone Wall |
| 13:16 | Construir | Outpost |
| 13:24 | Construir | Outpost |
| 13:32 | Construir | Mining Camp |
| 13:44 | Crear | Villager (Male) |
| 14:38 | Crear | Villager (Male) |
| 14:38 | Crear | Villager (Male) |
| 14:40 | Investigar | Tech 906 |
| 14:53 | Investigar | Town Watch |
| 14:54 | Investigar | Wheelbarrow |
| 15:21 | Edad | Edad de los Castillos |
| 15:23 | Crear | Villager (Male) |
| 15:37 | Construir | Town Center |
| 15:41 | Crear | Villager (Male) |
| 16:56 | Crear | Villager (Male) |
| 16:56 | Crear | Villager (Male) |
| 16:56 | Crear | Villager (Male) |
| 17:29 | Crear | Fishing Ship |
| 17:30 | Crear | Fishing Ship |
| 18:23 | Construir | Castle |
| 18:47 | Crear | Villager (Male) |
| 18:47 | Crear | Villager (Male) |
| 18:56 | Crear | Villager (Male) |
| 18:56 | Crear | Villager (Male) |
| 19:01 | Investigar | Bow Saw |
| 19:01 | Investigar | Bow Saw |
| 19:09 | Construir | Gate |
| 19:18 | Construir | Gate |
| 19:24 | Investigar | Fletching |
| 19:26 | Crear | Villager (Male) |
| 19:32 | Construir | University |
| 19:35 | Crear | Villager (Male) |
| 19:51 | Crear | Villager (Male) |
| 19:54 | Crear | Mangudai |
| 20:02 | Investigar | Bodkin Arrow |
| 20:02 | Investigar | Bodkin Arrow |
| 20:06 | Crear | Villager (Male) |
| 20:06 | Crear | Villager (Male) |
| 20:19 | Crear | Mangudai |
| 20:20 | Crear | Mangudai |
| 20:33 | Crear | Fishing Ship |
| 20:39 | Investigar | Gillnets |
| 20:40 | Investigar | Gillnets |
| 20:51 | Crear | Mangudai |
| 21:11 | Investigar | Ballistics |
| 21:11 | Investigar | Ballistics |
| 21:13 | Crear | Mangudai |
| 21:22 | Crear | Villager (Male) |
| 21:23 | Crear | Villager (Male) |
| 21:42 | Crear | Demolition Raft |
| 21:45 | Crear | Mangudai |
| 21:48 | Construir | Barracks |
| 22:03 | Investigar | Gold Mining |
| 22:03 | Investigar | Gold Mining |
| 22:08 | Crear | Villager (Male) |
| 22:14 | Crear | Mangudai |
| 22:29 | Crear | Mangudai |
| 22:30 | Crear | Mangudai |
| 22:30 | Crear | Mangudai |
| 22:31 | Crear | Villager (Male) |
| 23:08 | Crear | Mangudai |
| 23:08 | Crear | Mangudai |
| 23:16 | Crear | Mangudai |
| 23:17 | Crear | Villager (Male) ×2 |
| 23:18 | Crear | Villager (Male) ×2 |
| 24:02 | Construir | Fish Trap |
| 24:03 | Construir | Fish Trap |
| 24:04 | Construir | Fish Trap |
| 24:05 | Construir | Fish Trap |
| 24:06 | Construir | Fish Trap |
| 24:06 | Construir | Fish Trap |
| 24:13 | Crear | Villager (Male) ×2 |
| 24:21 | Construir | Dock |
| 24:52 | Crear | Mangudai |
| 24:56 | Crear | Villager (Male) ×4 |
| 25:00 | Construir | House |
| 25:03 | Construir | House |
| 25:03 | Construir | House |
| 25:04 | Construir | House |
| 25:04 | Construir | House |
| 25:04 | Construir | House |
| 25:37 | Crear | Mangudai |
| 25:37 | Crear | Mangudai |
| 26:37 | Construir | Stone Wall |
| 26:39 | Investigar | Fortified Wall (upgrade) |
| 26:45 | Construir | Mining Camp |
| 26:47 | Crear | Fishing Ship |
| 26:47 | Crear | Fishing Ship |
Build order — Rest in Pieces
Primeras 150 de 528 acciones detectadas
| 0:00 | Crear | Villager (Male) |
| 0:02 | Construir | House |
| 0:04 | Construir | House |
| 0:15 | Crear | Villager (Male) |
| 0:15 | Crear | Villager (Male) |
| 0:17 | Crear | Villager (Male) |
| 1:01 | Investigar | Loom |
| 1:02 | Crear | Villager (Male) |
| 1:35 | Crear | Villager (Male) |
| 2:05 | Crear | Villager (Male) |
| 2:25 | Construir | Palisade Wall |
| 2:27 | Construir | Palisade Wall |
| 2:28 | Construir | Palisade Wall |
| 2:33 | Crear | Villager (Male) |
| 2:37 | Construir | Palisade Wall |
| 2:42 | Construir | Palisade Wall |
| 2:43 | Construir | Palisade Wall |
| 2:50 | Crear | Villager (Male) |
| 3:02 | Construir | Settlement |
| 3:24 | Construir | Palisade Wall |
| 3:27 | Crear | Villager (Male) |
| 3:28 | Construir | Palisade Wall |
| 3:35 | Construir | Palisade Wall |
| 3:54 | Crear | Villager (Male) |
| 4:01 | Construir | Palisade Wall |
| 4:08 | Construir | Palisade Wall |
| 4:15 | Construir | Palisade Wall |
| 4:19 | Construir | Palisade Wall |
| 4:42 | Crear | Villager (Male) |
| 5:02 | Crear | Villager (Male) |
| 5:24 | Crear | Villager (Male) |
| 5:43 | Crear | Villager (Male) |
| 6:00 | Construir | Dock |
| 6:02 | Crear | Villager (Male) |
| 6:42 | Construir | Settlement |
| 6:44 | Crear | Villager (Male) |
| 6:44 | Crear | Villager (Male) |
| 6:58 | Crear | Villager (Male) |
| 7:20 | Crear | Fishing Ship |
| 7:32 | Crear | Fishing Ship |
| 8:01 | Crear | Villager (Male) |
| 8:01 | Crear | Villager (Male) |
| 8:09 | Crear | Fishing Ship |
| 8:32 | Crear | Villager (Male) |
| 8:44 | Crear | Fishing Ship |
| 8:55 | Crear | Villager (Male) |
| 9:23 | Crear | Fishing Ship |
| 9:35 | Crear | Villager (Male) |
| 9:55 | Construir | Settlement |
| 9:57 | Crear | Villager (Male) |
| 10:06 | Crear | Fishing Ship |
| 10:26 | Crear | Villager (Male) |
| 10:59 | Investigar | Feudal Age |
| 11:41 | Crear | Villager (Male) |
| 11:41 | Crear | Fishing Ship |
| 11:42 | Crear | Fishing Ship |
| 11:46 | Crear | Villager (Male) |
| 13:09 | Edad | Edad Feudal |
| 13:13 | Construir | Market |
| 13:15 | Construir | Blacksmith |
| 13:38 | Crear | Fishing Ship |
| 14:04 | Investigar | Double-Bit Axe |
| 14:05 | Investigar | Castle Age |
| 14:20 | Construir | Fish Trap |
| 14:24 | Construir | Fish Trap |
| 14:27 | Construir | Fish Trap |
| 15:06 | Construir | Fish Trap |
| 15:10 | Construir | Fish Trap |
| 15:14 | Construir | Fish Trap |
| 15:25 | Crear | Villager (Male) |
| 15:27 | Investigar | Gold Mining |
| 16:09 | Construir | Fish Trap |
| 16:13 | Crear | Villager (Male) |
| 16:45 | Edad | Edad de los Castillos |
| 16:48 | Construir | Siege Workshop |
| 17:17 | Investigar | Tech 906 |
| 17:19 | Investigar | Bow Saw |
| 17:21 | Crear | Villager (Male) |
| 17:36 | Crear | Battering Ram |
| 17:42 | Crear | Villager (Male) |
| 17:55 | Construir | Monastery |
| 17:57 | Crear | Villager (Male) |
| 18:16 | Crear | Villager (Male) |
| 18:22 | Construir | House |
| 18:26 | Crear | Mangonel |
| 18:37 | Crear | Monk |
| 18:38 | Construir | House |
| 18:50 | Crear | Fishing Ship |
| 19:00 | Construir | House |
| 19:00 | Crear | Villager (Male) |
| 19:05 | Crear | Mangonel |
| 19:10 | Crear | Monk |
| 19:28 | Crear | Villager (Male) |
| 19:48 | Construir | Town Center |
| 19:49 | Crear | Villager (Male) |
| 19:55 | Construir | House |
| 19:56 | Crear | Villager (Male) |
| 20:10 | Construir | Fish Trap |
| 20:14 | Construir | Fish Trap |
| 20:21 | Construir | Fish Trap |
| 20:25 | Crear | Villager (Male) |
| 20:37 | Crear | Villager (Male) |
| 20:41 | Construir | House |
| 20:49 | Construir | Town Center |
| 20:51 | Crear | Fishing Ship |
| 21:07 | Crear | Villager (Male) |
| 21:10 | Construir | House |
| 21:11 | Crear | Villager (Male) |
| 21:59 | Crear | Villager (Male) |
| 22:07 | Construir | Outpost |
| 22:09 | Investigar | Town Watch |
| 22:10 | Crear | Villager (Male) |
| 22:12 | Crear | Fishing Ship |
| 22:13 | Crear | Villager (Male) |
| 22:15 | Crear | Villager (Male) |
| 22:19 | Crear | Villager (Male) |
| 22:21 | Construir | Outpost |
| 22:26 | Crear | Villager (Male) |
| 22:35 | Crear | Villager (Male) |
| 22:48 | Crear | Villager (Male) |
| 22:58 | Crear | Villager (Male) |
| 23:07 | Crear | Villager (Male) |
| 23:07 | Crear | Fishing Ship |
| 23:07 | Crear | Fishing Ship |
| 23:23 | Construir | Fish Trap |
| 23:25 | Crear | Villager (Male) |
| 23:28 | Construir | Dock |
| 23:29 | Crear | Villager (Male) |
| 23:30 | Construir | Fish Trap |
| 23:31 | Crear | Villager (Male) |
| 23:32 | Crear | Fishing Ship |
| 23:41 | Construir | Gate |
| 23:44 | Crear | Villager (Male) |
| 23:47 | Crear | Mangonel |
| 23:48 | Crear | Villager (Male) |
| 23:56 | Crear | Villager (Male) |
| 24:00 | Crear | Villager (Male) |
| 24:00 | Crear | Fishing Ship |
| 24:02 | Crear | Villager (Male) |
| 24:17 | Construir | Fish Trap |
| 24:18 | Crear | Fishing Ship |
| 24:19 | Crear | Villager (Male) |
| 24:22 | Investigar | Horse Collar |
| 24:24 | Construir | Farm |
| 24:24 | Construir | Farm |
| 24:25 | Construir | Farm |
| 24:25 | Construir | Farm |
| 24:25 | Construir | Farm |
| 24:25 | Construir | Farm |
| 24:25 | Construir | Farm |
Build order — Mirror
Primeras 150 de 386 acciones detectadas
| 0:02 | Crear | Villager (Male) |
| 0:03 | Crear | Villager (Male) |
| 0:04 | Construir | House |
| 0:06 | Construir | House |
| 0:17 | Investigar | Loom |
| 0:18 | Crear | Villager (Male) |
| 0:23 | Crear | Villager (Male) |
| 0:24 | Crear | Villager (Male) |
| 0:24 | Crear | Villager (Male) |
| 1:54 | Crear | Villager (Male) |
| 1:54 | Crear | Villager (Male) |
| 2:21 | Construir | Palisade Wall |
| 2:30 | Crear | Villager (Male) |
| 2:30 | Crear | Villager (Male) |
| 2:55 | Crear | Villager (Male) |
| 2:56 | Crear | Villager (Male) |
| 3:20 | Construir | Lumber Camp |
| 3:23 | Crear | Villager (Male) |
| 3:23 | Crear | Villager (Male) |
| 3:46 | Crear | Villager (Male) |
| 3:46 | Crear | Villager (Male) |
| 4:07 | Crear | Villager (Male) |
| 4:07 | Crear | Villager (Male) |
| 4:21 | Construir | House |
| 4:31 | Crear | Villager (Male) |
| 4:31 | Crear | Villager (Male) |
| 4:58 | Crear | Villager (Male) |
| 4:59 | Crear | Villager (Male) |
| 5:24 | Crear | Villager (Male) |
| 5:24 | Crear | Villager (Male) |
| 5:40 | Crear | Villager (Male) |
| 5:40 | Crear | Villager (Male) |
| 5:56 | Crear | Villager (Male) |
| 6:00 | Construir | House |
| 6:11 | Crear | Villager (Male) |
| 6:11 | Crear | Villager (Male) |
| 7:16 | Crear | Villager (Male) |
| 7:22 | Construir | Palisade Wall |
| 7:29 | Construir | Dock |
| 7:32 | Crear | Villager (Male) |
| 7:38 | Construir | Lumber Camp |
| 7:43 | Crear | Villager (Male) |
| 7:49 | Construir | House |
| 7:49 | Construir | House |
| 8:00 | Crear | Villager (Male) |
| 8:17 | Crear | Fishing Ship |
| 8:23 | Crear | Villager (Male) |
| 8:24 | Crear | Villager (Male) |
| 8:57 | Crear | Villager (Male) |
| 9:01 | Crear | Villager (Male) |
| 9:18 | Crear | Fishing Ship |
| 9:18 | Crear | Fishing Ship |
| 9:18 | Crear | Fishing Ship |
| 10:01 | Crear | Fishing Ship |
| 10:02 | Crear | Fishing Ship |
| 10:25 | Construir | Mining Camp |
| 10:33 | Crear | Villager (Male) |
| 11:00 | Crear | Villager (Male) |
| 11:16 | Investigar | Feudal Age |
| 11:36 | Construir | House |
| 11:37 | Construir | House |
| 11:47 | Construir | Mill |
| 11:57 | Construir | Mill |
| 12:06 | Crear | Fishing Ship |
| 12:06 | Crear | Fishing Ship |
| 12:06 | Crear | Fishing Ship |
| 13:16 | Construir | Outpost |
| 13:34 | Crear | Villager (Male) |
| 13:36 | Edad | Edad Feudal |
| 13:37 | Crear | Villager (Male) |
| 13:41 | Construir | Market |
| 13:46 | Construir | Blacksmith |
| 13:59 | Construir | Stone Wall |
| 14:26 | Investigar | Castle Age |
| 14:36 | Construir | Gate |
| 14:46 | Investigar | Double-Bit Axe |
| 15:29 | Construir | Dock |
| 16:12 | Construir | House |
| 16:13 | Construir | House |
| 16:20 | Construir | Fish Trap |
| 16:34 | Construir | Fish Trap |
| 16:37 | Investigar | Tech 906 |
| 16:57 | Construir | Stone Wall |
| 17:02 | Crear | Villager (Male) |
| 17:06 | Edad | Edad de los Castillos |
| 17:07 | Construir | Fish Trap |
| 17:11 | Construir | Fish Trap |
| 17:15 | Construir | Fish Trap |
| 17:19 | Construir | University |
| 17:21 | Crear | Villager (Male) |
| 17:35 | Investigar | Gillnets |
| 17:37 | Crear | Villager (Male) |
| 17:50 | Construir | Stone Wall |
| 18:03 | Construir | Town Center |
| 18:05 | Crear | Villager (Male) |
| 18:05 | Crear | Villager (Male) |
| 18:15 | Crear | Villager (Male) |
| 18:25 | Investigar | Fortified Wall (upgrade) |
| 18:26 | Investigar | Fortified Wall (upgrade) |
| 18:33 | Crear | Villager (Male) |
| 18:39 | Construir | Town Center |
| 18:41 | Crear | Villager (Male) |
| 18:48 | Construir | Fish Trap |
| 18:51 | Construir | Fish Trap |
| 18:59 | Crear | Villager (Male) |
| 19:04 | Construir | Fish Trap |
| 19:17 | Construir | Stone Wall |
| 19:25 | Crear | Villager (Male) |
| 19:29 | Construir | House |
| 19:36 | Investigar | Bow Saw |
| 19:53 | Crear | Villager (Male) |
| 20:13 | Construir | Stone Wall |
| 20:21 | Crear | Villager (Male) |
| 20:21 | Crear | Villager (Male) |
| 20:22 | Crear | Villager (Male) |
| 20:27 | Crear | Villager (Male) |
| 20:28 | Crear | Villager (Male) |
| 20:28 | Crear | Villager (Male) |
| 20:33 | Construir | Town Center |
| 20:37 | Crear | Fishing Ship |
| 20:37 | Crear | Fishing Ship |
| 20:37 | Crear | Fishing Ship |
| 20:37 | Crear | Fishing Ship |
| 21:12 | Construir | Town Center |
| 21:14 | Crear | Villager (Male) |
| 21:18 | Crear | Villager (Male) |
| 21:18 | Crear | Villager (Male) |
| 21:19 | Crear | Villager (Male) |
| 21:23 | Construir | Fish Trap |
| 21:34 | Crear | Villager (Male) |
| 21:37 | Construir | Fish Trap |
| 21:45 | Crear | Fishing Ship |
| 21:57 | Crear | Villager (Male) |
| 22:04 | Crear | Villager (Male) |
| 22:05 | Crear | Villager (Male) |
| 22:05 | Crear | Villager (Male) |
| 22:11 | Construir | Fish Trap |
| 22:21 | Construir | Siege Workshop |
| 22:24 | Crear | Villager (Male) |
| 22:34 | Construir | Fish Trap |
| 22:39 | Construir | House |
| 22:40 | Construir | House |
| 22:40 | Construir | House |
| 22:44 | Crear | Villager (Male) |
| 22:49 | Construir | Farm |
| 22:49 | Construir | Farm |
| 22:49 | Construir | Farm |
| 22:49 | Construir | Farm |
| 22:49 | Construir | Farm |
| 22:50 | Construir | Farm |
Build order — wylyu
Primeras 150 de 409 acciones detectadas
| 0:02 | Crear | Villager (Male) |
| 0:03 | Crear | Villager (Male) |
| 0:03 | Crear | Villager (Male) |
| 0:03 | Crear | Villager (Male) |
| 0:05 | Construir | House |
| 0:06 | Construir | House |
| 0:22 | Investigar | Loom |
| 0:35 | Crear | Villager (Male) |
| 0:52 | Crear | Villager (Male) |
| 0:53 | Crear | Villager (Male) |
| 1:16 | Construir | Palisade Wall |
| 1:35 | Construir | Palisade Wall |
| 1:37 | Construir | Palisade Wall |
| 1:39 | Construir | Palisade Wall |
| 1:42 | Construir | Palisade Wall |
| 1:48 | Construir | Palisade Wall |
| 1:51 | Construir | Palisade Wall |
| 1:53 | Construir | Palisade Wall |
| 1:54 | Construir | Palisade Wall |
| 1:55 | Crear | Villager (Male) |
| 2:14 | Construir | Palisade Wall |
| 2:24 | Crear | Villager (Male) |
| 2:57 | Construir | Lumber Camp |
| 3:08 | Crear | Villager (Male) |
| 3:26 | Crear | Villager (Male) |
| 3:50 | Crear | Villager (Male) |
| 4:10 | Crear | Villager (Male) |
| 4:14 | Construir | House |
| 4:31 | Crear | Villager (Male) |
| 4:51 | Crear | Villager (Male) |
| 4:51 | Crear | Villager (Male) |
| 5:41 | Crear | Villager (Male) |
| 5:42 | Construir | House |
| 6:06 | Crear | Villager (Male) |
| 6:06 | Crear | Villager (Male) |
| 6:36 | Crear | Villager (Male) |
| 7:14 | Construir | Dock |
| 7:19 | Crear | Villager (Male) |
| 8:00 | Construir | Lumber Camp |
| 8:02 | Crear | Villager (Male) |
| 8:11 | Crear | Villager (Male) |
| 8:29 | Crear | Villager (Male) |
| 8:55 | Construir | Mining Camp |
| 9:17 | Crear | Villager (Male) |
| 9:23 | Investigar | Feudal Age |
| 9:40 | Construir | Mining Camp |
| 10:11 | Construir | House |
| 10:14 | Crear | Fishing Ship |
| 11:22 | Crear | Villager (Male) |
| 11:26 | Construir | Mill |
| 11:33 | Edad | Edad Feudal |
| 11:38 | Construir | Blacksmith |
| 11:42 | Crear | Villager (Male) |
| 12:03 | Construir | Market |
| 12:24 | Crear | Villager (Male) |
| 12:28 | Crear | Fishing Ship |
| 13:32 | Investigar | Castle Age |
| 13:32 | Investigar | Castle Age |
| 13:41 | Crear | Fishing Ship |
| 13:42 | Crear | Fishing Ship |
| 13:42 | Crear | Fishing Ship |
| 13:50 | Construir | House |
| 14:36 | Construir | Dock |
| 15:15 | Crear | Fishing Ship |
| 15:18 | Crear | Fishing Ship |
| 15:21 | Construir | House |
| 15:26 | Investigar | Double-Bit Axe |
| 15:46 | Construir | Dock |
| 16:12 | Edad | Edad de los Castillos |
| 16:19 | Construir | Castle |
| 16:24 | Crear | Villager (Male) |
| 16:26 | Crear | Fishing Ship |
| 16:27 | Crear | Fishing Ship |
| 16:49 | Crear | Fishing Ship |
| 16:50 | Crear | Fishing Ship |
| 16:55 | Crear | Villager (Male) |
| 17:08 | Construir | Fish Trap |
| 17:25 | Construir | Fish Trap |
| 17:34 | Crear | Villager (Male) |
| 17:42 | Construir | House |
| 17:57 | Crear | Villager (Male) |
| 18:08 | Crear | Villager (Male) |
| 18:21 | Construir | Town Center |
| 18:24 | Crear | Villager (Male) |
| 18:32 | Crear | Fishing Ship |
| 18:32 | Crear | Fishing Ship |
| 18:42 | Crear | Villager (Male) |
| 19:01 | Investigar | Bow Saw |
| 19:13 | Crear | Villager (Male) |
| 19:32 | Crear | Villager (Male) |
| 19:32 | Crear | Villager (Male) |
| 19:36 | Construir | Fish Trap |
| 19:41 | Crear | Fishing Ship |
| 19:42 | Crear | Villager (Male) |
| 19:53 | Crear | Villager (Male) |
| 19:59 | Construir | Fish Trap |
| 20:12 | Construir | Fish Trap |
| 20:14 | Crear | Villager (Male) |
| 20:15 | Crear | Villager (Male) |
| 20:34 | Construir | Town Center |
| 20:35 | Crear | Villager (Male) |
| 20:36 | Crear | Villager (Male) |
| 20:41 | Construir | House |
| 21:02 | Construir | Fish Trap |
| 21:03 | Crear | Villager (Male) |
| 21:05 | Crear | Fishing Ship |
| 21:05 | Crear | Fishing Ship |
| 21:17 | Construir | House |
| 21:19 | Crear | Villager (Male) |
| 21:23 | Investigar | Tech 906 |
| 21:39 | Construir | Fish Trap |
| 21:41 | Crear | Villager (Male) |
| 21:43 | Crear | Fishing Ship |
| 21:43 | Crear | Villager (Male) |
| 21:58 | Construir | House |
| 22:01 | Crear | Villager (Male) |
| 22:03 | Crear | Fishing Ship |
| 22:03 | Crear | Fishing Ship |
| 22:13 | Construir | Fish Trap |
| 22:20 | Construir | Fish Trap |
| 22:22 | Crear | Villager (Male) |
| 22:23 | Crear | Villager (Male) |
| 22:29 | Crear | Villager (Male) |
| 22:33 | Crear | Fishing Ship |
| 22:33 | Crear | Fishing Ship |
| 22:43 | Investigar | Gillnets |
| 22:45 | Crear | Villager (Male) |
| 22:45 | Crear | Villager (Male) |
| 22:57 | Construir | Fish Trap |
| 23:05 | Construir | Fish Trap |
| 23:13 | Construir | Fish Trap |
| 23:14 | Crear | Villager (Male) |
| 23:26 | Crear | Villager (Male) |
| 23:27 | Crear | Villager (Male) |
| 23:30 | Construir | Fish Trap |
| 23:35 | Construir | Fish Trap |
| 23:38 | Crear | Villager (Male) |
| 23:41 | Construir | Fish Trap |
| 23:42 | Crear | Villager (Male) |
| 23:46 | Construir | House |
| 23:57 | Construir | Fish Trap |
| 23:57 | Crear | Villager (Male) |
| 24:00 | Crear | Villager (Male) |
| 24:09 | Construir | Dock |
| 24:15 | Construir | Fish Trap |
| 24:26 | Construir | Fish Trap |
| 24:33 | Crear | Villager (Male) |
| 24:35 | Investigar | Wheelbarrow |
| 24:36 | Crear | Villager (Male) |
| 24:42 | Construir | University |
Build order — I EAT FAT HIPPOS
Primeras 150 de 368 acciones detectadas
| 0:01 | Crear | Villager (Male) |
| 0:02 | Crear | Villager (Male) |
| 0:03 | Construir | House |
| 0:05 | Construir | House |
| 0:41 | Crear | Villager (Male) |
| 0:42 | Crear | Villager (Male) |
| 1:25 | Crear | Villager (Male) |
| 1:55 | Construir | Lumber Camp |
| 1:59 | Crear | Villager (Male) |
| 2:29 | Crear | Villager (Male) |
| 3:02 | Crear | Villager (Male) |
| 3:29 | Crear | Villager (Male) |
| 3:59 | Crear | Villager (Male) |
| 3:59 | Crear | Villager (Male) |
| 4:29 | Construir | House |
| 4:40 | Crear | Villager (Male) |
| 5:21 | Crear | Villager (Male) |
| 5:23 | Crear | Villager (Male) |
| 5:24 | Crear | Villager (Male) |
| 5:39 | Construir | Dock |
| 6:21 | Construir | House |
| 6:25 | Crear | Fishing Ship |
| 6:28 | Crear | Villager (Male) |
| 7:48 | Investigar | Feudal Age |
| 7:56 | Crear | Villager (Male) |
| 7:58 | Crear | Fishing Ship |
| 8:30 | Construir | House |
| 8:31 | Construir | House |
| 8:33 | Crear | Villager (Male) |
| 8:36 | Crear | Fishing Ship |
| 9:05 | Crear | Villager (Male) |
| 9:06 | Edad | Edad Feudal |
| 9:07 | Investigar | Double-Bit Axe |
| 9:20 | Construir | Lumber Camp |
| 9:26 | Crear | Villager (Male) |
| 9:40 | Construir | Mill |
| 10:05 | Crear | Villager (Male) |
| 10:05 | Crear | Villager (Male) |
| 10:23 | Crear | Demolition Raft |
| 10:30 | Crear | Demolition Raft |
| 10:33 | Crear | Fishing Ship |
| 10:43 | Construir | Dock |
| 11:02 | Construir | Dock |
| 11:04 | Crear | Villager (Male) |
| 11:10 | Crear | Fishing Ship |
| 11:24 | Crear | Villager (Male) |
| 11:24 | Crear | Villager (Male) |
| 11:37 | Crear | Demolition Raft |
| 11:45 | Crear | Fishing Ship |
| 11:45 | Crear | Fishing Ship |
| 12:12 | Crear | Fishing Ship |
| 12:12 | Crear | Fishing Ship |
| 12:18 | Construir | House |
| 12:23 | Construir | House |
| 12:28 | Investigar | Loom |
| 12:47 | Construir | House |
| 12:48 | Construir | House |
| 12:48 | Construir | House |
| 12:52 | Crear | Fishing Ship |
| 12:56 | Crear | Villager (Male) |
| 12:57 | Crear | Villager (Male) |
| 12:57 | Crear | Villager (Male) |
| 13:10 | Construir | Mining Camp |
| 13:11 | Crear | Villager (Male) |
| 13:12 | Crear | Villager (Male) |
| 13:31 | Investigar | Tech 906 |
| 13:32 | Crear | Fishing Ship |
| 13:51 | Construir | Market |
| 14:09 | Construir | Blacksmith |
| 14:24 | Crear | Villager (Male) |
| 14:46 | Crear | Villager (Male) |
| 14:54 | Crear | Fishing Ship |
| 14:54 | Crear | Fishing Ship |
| 14:54 | Crear | Fishing Ship |
| 15:07 | Construir | Lumber Camp |
| 15:30 | Investigar | Castle Age |
| 15:42 | Construir | Fish Trap |
| 15:44 | Construir | Fish Trap |
| 15:50 | Construir | Fish Trap |
| 15:54 | Construir | Fish Trap |
| 15:59 | Crear | Fishing Ship |
| 15:59 | Crear | Fishing Ship |
| 16:06 | Construir | House |
| 16:07 | Construir | House |
| 16:13 | Construir | Fish Trap |
| 16:18 | Construir | Fish Trap |
| 16:25 | Construir | Fish Trap |
| 16:30 | Crear | Villager (Male) |
| 16:35 | Construir | Fish Trap |
| 16:45 | Construir | Fish Trap |
| 16:51 | Construir | Fish Trap |
| 16:55 | Crear | Villager (Male) |
| 17:06 | Edad | Edad de los Castillos |
| 17:08 | Construir | Fish Trap |
| 17:14 | Investigar | Gillnets |
| 17:32 | Investigar | Bow Saw |
| 17:35 | Crear | Villager (Male) |
| 17:45 | Construir | House |
| 17:47 | Construir | House |
| 17:50 | Crear | Villager (Male) |
| 17:53 | Crear | Fishing Ship |
| 17:53 | Crear | Fishing Ship |
| 17:53 | Crear | Fishing Ship |
| 18:10 | Construir | Fish Trap |
| 18:12 | Crear | Villager (Male) |
| 18:26 | Construir | Fish Trap |
| 18:34 | Crear | Villager (Male) |
| 18:34 | Crear | Villager (Male) |
| 18:34 | Crear | Villager (Male) |
| 18:40 | Construir | Fish Trap |
| 18:48 | Construir | Dock |
| 19:06 | Crear | Villager (Male) |
| 19:07 | Crear | Villager (Male) |
| 19:07 | Crear | Villager (Male) |
| 19:33 | Crear | Fishing Ship |
| 19:33 | Crear | Fishing Ship |
| 19:33 | Crear | Fishing Ship |
| 19:33 | Crear | Fishing Ship |
| 19:34 | Crear | Fishing Ship |
| 19:41 | Construir | Fish Trap |
| 19:48 | Construir | Fish Trap |
| 19:54 | Construir | Fish Trap |
| 19:58 | Construir | Fish Trap |
| 20:00 | Crear | Fishing Ship |
| 20:01 | Crear | Fishing Ship |
| 20:10 | Construir | Barracks |
| 20:14 | Crear | Villager (Male) |
| 20:15 | Crear | Villager (Male) |
| 20:15 | Crear | Villager (Male) |
| 20:17 | Investigar | Forging |
| 20:27 | Construir | Fish Trap |
| 20:32 | Construir | Fish Trap |
| 20:37 | Construir | Fish Trap |
| 20:44 | Construir | House |
| 20:45 | Construir | House |
| 20:48 | Construir | Fish Trap |
| 20:53 | Crear | Fishing Ship |
| 20:53 | Crear | Fishing Ship |
| 20:53 | Crear | Fishing Ship |
| 21:03 | Construir | Stable |
| 21:08 | Construir | Stable |
| 21:18 | Crear | Villager (Male) |
| 21:18 | Crear | Villager (Male) |
| 21:19 | Crear | Villager (Male) |
| 21:29 | Construir | Mining Camp |
| 21:32 | Investigar | Gold Mining |
| 21:35 | Investigar | Scale Barding Armor |
| 21:44 | Crear | Battle Elephant |
| 21:44 | Crear | Battle Elephant |
| 21:48 | Crear | Battle Elephant |
Build order — Instinct
Primeras 150 de 372 acciones detectadas
| 0:06 | Investigar | Loom |
| 0:34 | Crear | Villager (Male) |
| 1:12 | Crear | Villager (Male) |
| 1:35 | Crear | Villager (Male) |
| 1:56 | Crear | Villager (Male) |
| 2:30 | Construir | Lumber Camp |
| 2:32 | Crear | Villager (Male) |
| 2:32 | Crear | Villager (Male) |
| 2:42 | Crear | Villager (Male) |
| 3:02 | Construir | House |
| 3:16 | Crear | Villager (Male) |
| 3:23 | Crear | Villager (Male) |
| 3:38 | Crear | Villager (Male) |
| 3:56 | Construir | House |
| 3:57 | Crear | Villager (Male) |
| 4:26 | Crear | Villager (Male) |
| 4:45 | Crear | Villager (Male) |
| 4:51 | Crear | Villager (Male) |
| 5:14 | Construir | Palisade Wall |
| 5:17 | Construir | Palisade Wall |
| 5:35 | Construir | Dock |
| 5:38 | Construir | Palisade Wall |
| 5:40 | Construir | Palisade Wall |
| 5:43 | Crear | Villager (Male) |
| 6:06 | Crear | Villager (Male) |
| 6:21 | Crear | Villager (Male) |
| 6:30 | Crear | Fishing Ship |
| 6:30 | Crear | Fishing Ship |
| 6:49 | Construir | Palisade Gate |
| 7:06 | Crear | Villager (Male) |
| 7:06 | Crear | Villager (Male) |
| 7:28 | Construir | Palisade Wall |
| 7:46 | Crear | Villager (Male) |
| 8:01 | Construir | House |
| 8:14 | Construir | House |
| 8:19 | Construir | House |
| 8:30 | Construir | Mining Camp |
| 8:35 | Crear | Fishing Ship |
| 9:08 | Investigar | Feudal Age |
| 9:08 | Investigar | Feudal Age |
| 9:57 | Crear | Fishing Ship |
| 9:57 | Crear | Fishing Ship |
| 10:07 | Construir | House |
| 10:24 | Construir | Palisade Wall |
| 10:49 | Crear | Villager (Male) |
| 10:49 | Crear | Villager (Male) |
| 11:28 | Edad | Edad Feudal |
| 11:29 | Crear | Fishing Ship |
| 11:32 | Construir | Mill |
| 11:36 | Construir | Stone Wall |
| 11:40 | Construir | Blacksmith |
| 11:53 | Construir | Stone Wall |
| 11:55 | Construir | Stone Wall |
| 12:22 | Crear | Villager (Male) |
| 12:32 | Construir | Market |
| 12:36 | Crear | Villager (Male) |
| 13:16 | Investigar | Castle Age |
| 13:28 | Investigar | Double-Bit Axe |
| 13:43 | Construir | Fish Trap |
| 13:52 | Crear | Villager (Male) |
| 13:52 | Crear | Villager (Male) |
| 14:06 | Construir | Outpost |
| 14:13 | Crear | Fishing Ship |
| 14:23 | Construir | House |
| 14:36 | Construir | Fish Trap |
| 14:43 | Construir | House |
| 15:00 | Construir | House |
| 15:09 | Construir | Fish Trap |
| 15:55 | Edad | Edad de los Castillos |
| 16:19 | Construir | Castle |
| 16:20 | Crear | Villager (Male) |
| 16:20 | Crear | Villager (Male) |
| 16:31 | Crear | Fishing Ship |
| 16:35 | Crear | Fishing Ship |
| 17:01 | Construir | Fish Trap |
| 17:08 | Construir | Fish Trap |
| 17:17 | Construir | Fish Trap |
| 17:17 | Crear | Villager (Male) |
| 17:43 | Crear | Fishing Ship |
| 17:56 | Construir | Fish Trap |
| 17:59 | Crear | Villager (Male) |
| 18:14 | Crear | Villager (Male) |
| 18:16 | Crear | Fishing Ship |
| 18:42 | Construir | Fish Trap |
| 18:48 | Construir | Stone Wall |
| 18:50 | Crear | Villager (Male) |
| 18:58 | Crear | Fishing Ship |
| 19:04 | Construir | Mining Camp |
| 19:07 | Crear | Villager (Male) |
| 19:23 | Construir | Fish Trap |
| 19:28 | Crear | Villager (Male) |
| 19:31 | Construir | Fish Trap |
| 19:43 | Construir | House |
| 19:48 | Crear | Villager (Male) |
| 19:55 | Construir | Fish Trap |
| 20:13 | Crear | Villager (Male) |
| 20:16 | Crear | Chu Ko Nu |
| 20:16 | Crear | Chu Ko Nu |
| 20:47 | Crear | Chu Ko Nu |
| 20:47 | Crear | Chu Ko Nu |
| 21:05 | Investigar | Imperial Age |
| 21:05 | Investigar | Imperial Age |
| 21:06 | Crear | Chu Ko Nu |
| 21:07 | Crear | Chu Ko Nu |
| 21:14 | Construir | University |
| 21:31 | Construir | Lumber Camp |
| 21:38 | Crear | Chu Ko Nu |
| 21:38 | Crear | Chu Ko Nu |
| 21:39 | Crear | Chu Ko Nu |
| 22:00 | Investigar | Fletching |
| 22:00 | Investigar | Fletching |
| 22:15 | Investigar | Bow Saw |
| 22:19 | Construir | House |
| 22:20 | Crear | Villager (Male) |
| 22:25 | Investigar | Gold Mining |
| 22:29 | Crear | Chu Ko Nu |
| 22:29 | Crear | Chu Ko Nu |
| 22:29 | Crear | Chu Ko Nu |
| 22:39 | Investigar | Bodkin Arrow |
| 22:39 | Investigar | Bodkin Arrow |
| 22:42 | Crear | Chu Ko Nu |
| 23:01 | Construir | House |
| 23:26 | Crear | Chu Ko Nu |
| 23:26 | Crear | Chu Ko Nu |
| 23:28 | Investigar | Padded Archer Armor |
| 23:31 | Construir | House |
| 23:32 | Construir | House |
| 24:05 | Construir | Dock |
| 24:15 | Edad | Edad Imperial |
| 24:15 | Crear | Trebuchet (Packed) |
| 24:15 | Crear | Trebuchet (Packed) |
| 24:31 | Investigar | Chemistry |
| 24:31 | Investigar | Chemistry |
| 24:36 | Crear | Villager (Male) |
| 24:43 | Construir | House |
| 24:44 | Construir | House |
| 25:05 | Construir | House |
| 25:12 | Investigar | Ballistics |
| 25:12 | Investigar | Ballistics |
| 25:17 | Crear | Villager (Male) |
| 25:17 | Crear | Villager (Male) |
| 25:35 | Crear | Trebuchet (Packed) |
| 25:38 | Crear | Villager (Male) |
| 25:54 | Construir | House |
| 26:04 | Investigar | Bracer |
| 26:23 | Crear | Chu Ko Nu |
| 26:29 | Crear | Villager (Male) |
| 26:32 | Construir | Town Center |
| 27:14 | Crear | Chu Ko Nu |
| 27:14 | Crear | Chu Ko Nu |
Cronología de la partida
| 0:26 | RetiredTurtle · wall_segment Palisade Wall x9 |
| 0:44 | Granny Pumpkinz · wall_segment Palisade Wall x10 |
| 1:16 | wylyu · wall_segment Palisade Wall x11 |
| 1:35 | wylyu · wall_segment Palisade Wall x1 |
| 1:37 | wylyu · wall_segment Palisade Wall x1 |
| 1:39 | wylyu · wall_segment Palisade Wall x1 |
| 1:42 | wylyu · wall_segment Palisade Wall x1 |
| 1:48 | wylyu · wall_segment Palisade Wall x1 |
| 1:51 | wylyu · wall_segment Palisade Wall x1 |
| 1:53 | wylyu · wall_segment Palisade Wall x1 |
| 1:54 | wylyu · wall_segment Palisade Wall x1 |
| 2:14 | wylyu · wall_segment Palisade Wall x1 |
| 2:15 | Granny Pumpkinz · wall_segment Palisade Wall x7 |
| 2:21 | Mirror · wall_segment Palisade Wall x11 |
| 2:25 | Rest in Pieces · wall_segment Palisade Wall x1 |
| 2:27 | Rest in Pieces · wall_segment Palisade Wall x1 |
| 2:28 | Rest in Pieces · wall_segment Palisade Wall x1 |
| 2:32 | RetiredTurtle · wall_segment Palisade Wall x8 |
| 2:37 | Rest in Pieces · wall_segment Palisade Wall x1 |
| 2:42 | Rest in Pieces · wall_segment Palisade Wall x1 |
| 2:43 | Rest in Pieces · wall_segment Palisade Wall x1 |
| 3:20 | Granny Pumpkinz · wall_segment Palisade Wall x1 |
| 3:24 | Rest in Pieces · wall_segment Palisade Wall x1 |
| 3:28 | Rest in Pieces · wall_segment Palisade Wall x1 |
| 3:33 | RetiredTurtle · wall_segment Palisade Wall x8 |
| 3:35 | Rest in Pieces · wall_segment Palisade Wall x1 |
| 4:01 | Rest in Pieces · wall_segment Palisade Wall x1 |
| 4:08 | Rest in Pieces · wall_segment Palisade Wall x1 |
| 4:15 | Rest in Pieces · wall_segment Palisade Wall x1 |
| 4:16 | RetiredTurtle · wall_segment Palisade Wall x4 |
| 4:19 | Rest in Pieces · wall_segment Palisade Wall x1 |
| 5:14 | Instinct · wall_segment Palisade Wall x1 |
| 5:17 | Instinct · wall_segment Palisade Wall x11 |
| 5:35 | Instinct · first_building Dock |
| 5:38 | Instinct · wall_segment Palisade Wall x2 |
| 5:39 | I EAT FAT HIPPOS · first_building Dock |
| 5:40 | Instinct · wall_segment Palisade Wall x9 |
| 5:47 | Granny Pumpkinz · first_building Dock |
| 5:48 | RetiredTurtle · wall_segment Palisade Wall x7 |
| 5:51 | RetiredTurtle · wall_segment Palisade Wall x8 |
| 5:54 | RetiredTurtle · wall_segment Palisade Wall x7 |
| 6:00 | Rest in Pieces · first_building Dock |
| 6:25 | ^wuff · wall_segment Palisade Wall x1 |
| 7:14 | wylyu · first_building Dock |
| 7:22 | Mirror · wall_segment Palisade Wall x10 |
| 7:28 | Instinct · wall_segment Palisade Wall x1 |
| 7:29 | Mirror · first_building Dock |
| 9:06 | I EAT FAT HIPPOS · age_up feudal |
| 10:24 | Instinct · wall_segment Palisade Wall x1 |
| 10:32 | ^wuff · age_up feudal |
| 10:40 | Granny Pumpkinz · age_up feudal |
| 10:48 | Granny Pumpkinz · wall_segment Stone Wall x11 |
| 11:26 | RetiredTurtle · first_building Dock |
| 11:28 | Instinct · age_up feudal |
| 11:33 | wylyu · age_up feudal |
| 11:36 | Instinct · wall_segment Stone Wall x1 |
| 11:53 | Instinct · wall_segment Stone Wall x3 |
| 11:55 | Instinct · wall_segment Stone Wall x12 |
| 12:25 | RetiredTurtle · age_up feudal |
| 13:09 | Rest in Pieces · age_up feudal |
| 13:12 | Granny Pumpkinz · wall_segment Stone Wall x8 |
| 13:13 | Granny Pumpkinz · wall_segment Stone Wall x1 |
| 13:16 | RetiredTurtle · wall_segment Stone Wall x9 |
| 13:36 | Mirror · age_up feudal |
| 13:59 | Mirror · wall_segment Stone Wall x10 |
| 14:52 | ^wuff · age_up castle |
| 15:21 | Granny Pumpkinz · age_up castle |
| 15:41 | RetiredTurtle · wall_segment Stone Wall x8 |
| 15:51 | Instinct · first_market_sell 100 wood |
| 15:53 | Instinct · first_market_buy 100 stone |
| 15:55 | Instinct · age_up castle |
| 16:09 | wylyu · first_market_buy 100 stone |
| 16:12 | wylyu · age_up castle |
| 16:19 | wylyu · first_building Castle |
| 16:19 | Instinct · first_building Castle |
| 16:45 | Rest in Pieces · age_up castle |
| 16:48 | Rest in Pieces · first_building Siege Workshop |
| 16:57 | Mirror · wall_segment Stone Wall x12 |
| 17:06 | I EAT FAT HIPPOS · age_up castle |
| 17:06 | Mirror · age_up castle |
| 17:41 | Rest in Pieces · first_market_buy 100 wood |
| 17:50 | Mirror · wall_segment Stone Wall x12 |
| 17:55 | Rest in Pieces · first_building Monastery |
| 18:15 | ^wuff · first_building Monastery |
| 18:23 | Granny Pumpkinz · first_building Castle |
| 18:48 | Instinct · wall_segment Stone Wall x1 |
| 19:17 | Mirror · wall_segment Stone Wall x13 |
| 19:20 | RetiredTurtle · age_up castle |
| 19:27 | RetiredTurtle · first_building Castle |
| 20:10 | I EAT FAT HIPPOS · first_building Barracks |
| 20:13 | Mirror · wall_segment Stone Wall x13 |
| 20:38 | Granny Pumpkinz · first_market_buy 100 food |
| 21:03 | I EAT FAT HIPPOS · first_building Stable |
| 21:48 | Granny Pumpkinz · first_building Barracks |
| 22:21 | Mirror · first_building Siege Workshop |
| 23:19 | Granny Pumpkinz · first_market_sell 100 wood |
| 23:24 | RetiredTurtle · first_building Barracks |
| 23:25 | Mirror · first_building Monastery |
| 23:48 | Mirror · wall_segment Stone Wall x11 |
| 24:15 | Instinct · age_up imperial |
| 24:45 | I EAT FAT HIPPOS · first_building Monastery |
| 24:58 | Rest in Pieces · first_building Castle |
| 24:59 | ^wuff · first_market_sell 100 food |
| 25:19 | wylyu · first_market_sell 100 stone |
| 25:22 | Mirror · first_market_buy 100 food |
| 26:20 | ^wuff · first_market_buy 100 stone |
| 26:24 | Mirror · first_building Castle |
| 26:34 | ^wuff · first_building Castle |
| 26:37 | Granny Pumpkinz · wall_segment Stone Wall x4 |
| 26:47 | ^wuff · first_building Barracks |
| 26:57 | I EAT FAT HIPPOS · age_up imperial |
| 27:08 | Granny Pumpkinz · wall_segment Stone Wall x4 |
| 27:11 | Mirror · first_building Barracks |
| 27:15 | wylyu · first_building Siege Workshop |
| 27:24 | ^wuff · first_building Siege Workshop |
| 28:04 | ^wuff · first_building Archery Range |
| 28:10 | I EAT FAT HIPPOS · first_building Siege Workshop |
| 28:27 | Instinct · first_building Barracks |
| 28:32 | ^wuff · age_up imperial |
| 28:39 | wylyu · first_building Barracks |
| 28:42 | Mirror · age_up imperial |
| 29:15 | wylyu · age_up imperial |
| 30:28 | I EAT FAT HIPPOS · first_building Castle |
| 30:38 | Instinct · wall_segment Stone Wall x2 |
| 30:52 | Rest in Pieces · age_up imperial |
| 31:36 | Granny Pumpkinz · wall_segment Palisade Wall x1 |
| 31:42 | I EAT FAT HIPPOS · wall_segment Stone Wall x1 |
| 32:27 | Mirror · wall_segment Stone Wall x1 |
| 32:37 | Instinct · wall_segment Stone Wall x8 |
| 32:48 | I EAT FAT HIPPOS · first_market_sell 500 food |
| 33:01 | RetiredTurtle · first_market_sell 500 food |
| 33:58 | Rest in Pieces · first_market_sell 100 food |
| 34:59 | wylyu · first_building Stable |
| 36:14 | RetiredTurtle · age_up imperial |
| 36:32 | RetiredTurtle · first_building Stable |
| 37:01 | Instinct · wall_segment Stone Wall x1 |
| 38:29 | Granny Pumpkinz · wall_segment Stone Wall x7 |
| 38:48 | Instinct · wall_segment Stone Wall x3 |
| 38:58 | Instinct · first_building Archery Range |
| 39:23 | Rest in Pieces · first_building Barracks |
| 39:32 | Granny Pumpkinz · first_building Stable |
| 39:55 | Instinct · first_building Siege Workshop |
| 40:33 | I EAT FAT HIPPOS · tribute_sent a jugador 1 |
| 40:33 | I EAT FAT HIPPOS · tribute_sent a jugador 2 |
| 40:33 | I EAT FAT HIPPOS · tribute_sent a jugador 3 |
| 40:33 | I EAT FAT HIPPOS · tribute_sent a jugador 4 |
| 40:33 | I EAT FAT HIPPOS · tribute_sent a jugador 5 |
| 40:33 | I EAT FAT HIPPOS · tribute_sent a jugador 6 |
| 40:33 | I EAT FAT HIPPOS · tribute_sent a jugador 8 |
| 40:54 | RetiredTurtle · first_market_buy 100 wood |
| 41:20 | Granny Pumpkinz · first_building Archery Range |
| 41:37 | Rest in Pieces · tribute_sent a jugador 1 |
| 41:37 | Rest in Pieces · tribute_sent a jugador 2 |
| 41:37 | Rest in Pieces · tribute_sent a jugador 4 |
| 41:37 | Rest in Pieces · tribute_sent a jugador 5 |
| 41:37 | Rest in Pieces · tribute_sent a jugador 6 |
| 41:37 | Rest in Pieces · tribute_sent a jugador 7 |
| 41:37 | Rest in Pieces · tribute_sent a jugador 8 |
| 42:19 | Instinct · wall_segment Stone Wall x1 |
| 43:08 | I EAT FAT HIPPOS · tribute_sent a jugador 1 |
| 43:08 | I EAT FAT HIPPOS · tribute_sent a jugador 2 |
| 43:08 | I EAT FAT HIPPOS · tribute_sent a jugador 3 |
| 43:08 | I EAT FAT HIPPOS · tribute_sent a jugador 4 |
| 43:08 | I EAT FAT HIPPOS · tribute_sent a jugador 5 |
| 43:08 | I EAT FAT HIPPOS · tribute_sent a jugador 6 |
| 43:08 | I EAT FAT HIPPOS · tribute_sent a jugador 8 |
| 44:00 | Mirror · wall_segment Stone Wall x9 |
| 44:02 | Mirror · wall_segment Stone Wall x3 |
| 45:16 | Mirror · resign |
[ ANÁLISIS IA · 1 CRÉDITO ]
¿Qué pasó realmente en esta partida?
Wolo.gg analiza cada decisión: build order, eco, micro, errores típicos por bracket. Análisis personalizado por WhatsApp o Discord en 30 segundos.
Guía civ
Yurchen
Perfil
Jugador #2794037